 Dungeon Crawl Stone Soup version 0.18-a0-1285-g60d00e1 (webtiles) character file.

37366 Ijustatesigmund the Basher (level 13, 0/106 HPs)
             Began as a Demonspawn Fighter on Feb 8, 2016.
             Was the Champion of Okawaru.
             Slain by a death yak (5 damage)
             ... while paralysed
             ... on level 5 of the Lair of Beasts.
             The game lasted 00:48:40 (17614 turns).

Ijustatesigmund the Basher (Demonspawn Fighter)    Turns: 17614, Time: 00:48:41

Health: 0/106      AC: 29    Str: 19    XL:     13   Next: 58%
Magic:  18/18      EV:  2    Int:  9    God:    Okawaru [******]
Gold:   1081       SH:  0    Dex: 16    Spells: 0 memorised, 12 levels left

rFire  + . .     SeeInvis .     H - +2 eveningstar (vamp)
rCold  . . .     Gourm    .     V - +4 chain mail {rF+}
rNeg   . . .     Faith    .     b - +2 shield
rPois  +         Spirit   .     K - +2 hat {MR+}
rElec  .         Dismiss  .     (no cloak)
rCorr  .         Reflect  .     L - +2 pair of gloves
SustAt .         Harm     .     g - +2 pair of boots
MR     +....                    x - amulet of rage
Stlth  +.........               w - ring of poison resistance
                                P - +3 ring of protection

@: paralysed, lethally poisoned (0 -> -1), exhausted, slowed, somewhat resistant
to hostile enchantments, very unstealthy
A: hooves 1, slimy green scales 2, low mp 1, nightstalker 2, regeneration 1,
spiny 1
a: Heroism, Finesse, Renounce Religion, Evoke Berserk Rage


You were on level 5 of the Lair of Beasts.
You worshipped Okawaru.
Okawaru was exalted by your worship.
You were not hungry.

You visited 3 branches of the dungeon, and saw 19 of its levels.
You also visited: Volcano.

You collected 1306 gold pieces.
You spent 225 gold pieces at shops.

Inventory:

Hand Weapons
 l - a +3 mace of protection
 G - a +0 morningstar
 H - a +2 vampiric eveningstar (weapon)
Missiles
 J - 3 poisoned javelins (quivered)
Armour
 b - a +2 shield (worn)
 g - a +2 pair of boots (worn)
 K - a +2 hat of magic resistance (worn)
 L - a +2 pair of gloves (worn)
 V - a +4 chain mail of fire resistance (worn)
 W - the +5 ring mail "Nulat" {Int+4}
   (You found it on level 6 of the Lair of Beasts)

   It affects your intelligence (+4).
Jewellery
 c - an uncursed ring of protection from fire
 e - an uncursed ring of see invisible
 h - an uncursed ring of ice
 m - a +3 ring of intelligence
 t - an uncursed ring of sustain attributes
 u - an uncursed amulet of faith
 w - a ring of poison resistance (right hand)
 x - an amulet of rage (around neck)
 y - an uncursed ring of flight
 E - an uncursed amulet of the gourmand
 P - a +3 ring of protection (left hand)
 Q - an uncursed ring of protection from magic
 T - the ring "Voett" {rN+ Stlth-}
   (You found it on level 1 of the Lair of Beasts)

   [ring of loudness]

   It protects you from negative energy.
   It makes you less stealthy.
 Y - an uncursed ring of protection from fire
Wands
 a - a wand of lightning (6/15)
 v - a wand of iceblast (5/15)
 C - a wand of acid (8/15)
 N - a wand of teleportation (3/9)
 O - a wand of acid (8/15)
 S - a wand of polymorph (14/24)
 X - a wand of lightning (5/15)
 Z - a wand of iceblast (7/15)
Scrolls
 k - 6 scrolls of remove curse
 p - 3 scrolls of recharging
 r - a scroll of amnesia
 z - 6 scrolls of teleportation
 A - 4 scrolls of fear
 B - a scroll of summoning
Potions
 d - 3 potions of flight
 i - 3 potions of agility
 j - 3 potions of cancellation
 n - 4 potions of brilliance
 o - 2 potions of cure mutation
 q - a potion of magic
 s - 2 potions of haste
 F - 3 potions of resistance
 I - a potion of invisibility
 M - a potion of heal wounds
 R - 2 potions of curing
 U - a potion of berserk rage
Comestibles
 f - 12 bread rations
 D - 9 meat rations


   Skills:
 + Level 11.5 Fighting
 + Level 12.6 Maces & Flails
 + Level 2.8 Throwing
 + Level 7.8 Armour
 - Level 7.0 Dodging
 - Level 7.7 Shields
 - Level 9.8 Invocations


You had 12 spell levels left.
You didn't know any spells.

Dungeon Overview and Level Annotations

Branches:
Dungeon (12/15)            Temple (1/1) D:6            Lair (6/8) D:8
 Shoals (0/4) Lair:4
  Snake: Lair:3-6    Spider: Lair:3-6     Slime: Lair:6-8       Orc: D:9-12

Altars:
Ashenzari
Cheibriados
Dithmenos
Fedhas
Gozag
Kikubaaqudgha
Makhleb
Nemelex Xobeh
Okawaru
Pakellas
Qazlal
Ru
Sif Muna
Trog
Vehumet
Yredelemnul
The Shining One

Shops:
D:6 [

Annotations:
D:3 Blork the orc


Innate Abilities, Weirdness & Mutations

You have large cloven feet.
You are mostly covered in slimy green scales (AC +3).
You are significantly more attuned to the shadows.
You are partially covered in sharp spines.
Your magical capacity is low (-10% MP).
Your natural rate of healing is unusually fast.


Message History

The iguana bites you but does no damage.
The water moccasin bites you but does no damage.
The naga is struck by your spines. The naga hits you but does no damage.
You feel sick.
The water moccasin is struck by your spines.
The water moccasin bites you but does no damage.
The death yak gores you! The iguana is struck by your spines.
You kill the iguana!
Okawaru accepts your kill. The naga hits you but does no damage.
You feel sick.
The water moccasin bites you but does no damage.
The death yak gores you!
* * * LOW HITPOINT WARNING * * *
The water moccasin is struck by your spines.
The water moccasin bites you but does no damage.
The naga is struck by your spines. The naga hits you with a dire flail!
* * * LOW HITPOINT WARNING * * *
You feel sick. The death yak gores you.
You die...

##...........
#............
#.............
##................
#.##.............
####P............
#P............
###....N.Y....
##....@†....
##PP.S†.... ..
####...... ...
.#..... .... #
..... ...... .[...
....... ........
.........
..)......


You could see a death yak, a water moccasin and a naga.

Vanquished Creatures
  Gastronok (D:10)
  2 hydras
  Harold (D:11)
  A catoblepas (Lair:6)
  3 death yaks (Lair:5)
  Nergalle (D:11)
  Pikel (D:7)
  4 ugly things
  A griffon (Lair:5)
  A manticore (Lair:4)
  2 molten gargoyles (Volcano)
  Psyche (D:9)
  5 spiny frogs
  3 black mambas
  A gargoyle (Volcano)
  5 elephants (Lair:5)
  4 komodo dragons
  An efreet (Volcano)
  A troll (D:11)
  A two-headed ogre (D:10)
  2 slime creatures (D:11)
  18 blink frogs
  A tarantella (shapeshifter) (D:10)
  2 wyverns
  A spriggan (D:8)
  2 fire bats (Volcano)
  24 yaks
  A fire elemental (Volcano)
  A basilisk (Lair:1)
  7 hippogriffs
  3 hungry ghosts
  Grum (Lair:1)
  9 wolves
  A naga (Lair:5)
  8 porcupines
  9 water moccasins
  7 orc warriors
  4 ice beasts
  A black bear (D:8)
  6 sky beasts
  An eye of draining (D:11)
  3 phantoms
  9 ogres
  9 crocodiles
  6 centaurs
  A big kobold (D:7)
  15 giant frogs
  An earth elemental (Volcano)
  3 scorpions
  10 killer bees
  3 wights (D:8)
  The ghost of M4edhros the Charlatan, a weakling OpAr (D:3)
  A centaur zombie (D:10)
  6 crimson imps
  7 hounds
  2 jellies
  3 giant frog zombies
  A centaur skeleton (D:10)
  5 orc priests
  6 gnoll shamans
  7 orc wizards
  10 worker ants
  14 iguanas
  22 gnolls
  6 adders
  41 river rats
  3 shadow imps
  An ooze (D:3)
  3 adder skeletons
  2 adder zombies (D:7)
  2 worms
  7 giant geckos
  45 orcs
  6 bats
  3 giant cockroaches
  9 hobgoblins
  7 jackals
  3 quokkas
  A giant cockroach zombie (D:5)
  A giant gecko skeleton (D:5)
  4 giant newts
  12 goblins
  7 kobolds
  2 quokka zombies
  4 rats
  A plant (Temple)
464 creatures vanquished.

Vanquished Creatures (others)
  A scorpion (D:7)
  An ice beast (D:7)
  2 slaves (D:7)
  A hound skeleton (D:7)
  A shadow imp (D:7)
  A giant cockroach (D:7)
  7 fungi
  7 plants
21 creatures vanquished.

Grand Total: 485 creatures vanquished

Notes
Turn   | Place    | Note
--------------------------------------------------------------
     0 | D:1      | Ijustatesigmund the Demonspawn Fighter began the quest for the Orb.
     0 | D:1      | Reached XP level 1. HP: 18/18 MP: 1/1
   356 | D:1      | Gained mutation: You are partially covered in sharp spines. [demonic ancestry]
   356 | D:1      | Reached XP level 2. HP: 24/24 MP: 2/2
  1055 | D:2      | Gained mutation: You are partially covered in slimy green scales (AC +2). [demonic ancestry]
  1055 | D:2      | Reached XP level 3. HP: 29/29 MP: 3/3
  1097 | D:2      | Found a faded altar to an unknown god.
  1659 | D:3      | Reached XP level 4. HP: 36/36 MP: 4/4
  1876 | D:3      | Noticed M4edhros's ghost (weakling OpAr)
  1888 | D:3      | Killed M4edhros's ghost
  2188 | D:3      | Found a stormy altar of Qazlal.
  2265 | D:3      | Reached skill level 4 in Maces & Flails
  2340 | D:3      | Noticed Blork the orc
  2445 | D:4      | Gained mutation: You are slightly more attuned to the shadows. [demonic ancestry]
  2445 | D:4      | Reached XP level 5. HP: 24/42 MP: 5/5
  2706 | D:4      | Reached skill level 5 in Maces & Flails
  2706 | D:4      | Reached XP level 6. HP: 47/49 MP: 6/6
  3211 | D:4      | Noticed a hungry ghost
  3248 | D:4      | Found a glowing golden altar of the Shining One.
  3310 | D:4      | Killed a hungry ghost
  3310 | D:4      | Reached skill level 5 in Fighting
  3310 | D:4      | Reached skill level 6 in Maces & Flails
  3310 | D:4      | Reached XP level 7. HP: 49/56 MP: 7/7
  3315 | D:5      | Entered Level 5 of the Dungeon
  4052 | D:6      | Found a staircase to the Ecumenical Temple.
  4057 | Temple   | Entered the Ecumenical Temple
  4575 | D:6      | Reached skill level 7 in Maces & Flails
  4578 | D:6      | Gained mutation: You are mostly covered in slimy green scales (AC +3). [demonic ancestry]
  4578 | D:6      | Reached XP level 8. HP: 29/64 MP: 8/8
  5066 | D:6      | Found an oddly glowing altar of Pakellas.
  5095 | D:6      | Found Siotzion's Antique Armour Shop.
  5103 | D:6      | Bought a slimy scale mail for 225 gold pieces
  5113 | D:6      | Identified the +0 scale mail of Zihuhyg {rF+ MR+ Int-3} (You bought it in a shop on level 6 of the Dungeon)
  5263 | D:6      | Reached skill level 8 in Maces & Flails
  5747 | D:7      | Found a sparkling altar of Nemelex Xobeh.
  5763 | D:7      | Reached skill level 9 in Maces & Flails
  5809 | D:7      | Found a shadowy altar of Dithmenos.
  5834 | D:7      | Reached XP level 9. HP: 69/72 MP: 9/9
  6061 | D:7      | Noticed Pikel
  6082 | D:7      | Killed Pikel
  6082 | D:7      | Reached skill level 10 in Maces & Flails
  6518 | D:7      | Found an iron altar of Okawaru.
  6521 | D:7      | Became a worshipper of Warmaster Okawaru
  6615 | D:7      | Reached skill level 1 in Invocations
  6639 | D:8      | Reached skill level 1 in Dodging
  6935 | D:7      | Gained mutation: You are significantly more attuned to the shadows. [demonic ancestry]
  6935 | D:7      | Reached XP level 10. HP: 82/82 MP: 11/11
  6963 | D:7      | Reached * piety under Okawaru
  7430 | D:8      | Found a staircase to the Lair.
  7434 | Lair:1   | Entered Level 1 of the Lair of Beasts
  7718 | D:8      | Reached ** piety under Okawaru
  8636 | D:9      | Noticed Psyche
  8646 | D:9      | Killed Psyche
  8736 | D:9      | Reached skill level 11 in Maces & Flails
  9125 | D:9      | Reached *** piety under Okawaru
  9636 | D:10     | Entered Level 10 of the Dungeon
 10064 | D:10     | Noticed Gastronok
 10079 | D:10     | Killed Gastronok
 10079 | D:10     | Reached **** piety under Okawaru
 10079 | D:10     | Received a gift from Okawaru
 10079 | D:10     | Reached skill level 5 in Shields
 10079 | D:10     | Reached skill level 5 in Invocations
 10079 | D:10     | Reached XP level 11. HP: 89/89 MP: 13/15
 10562 | D:11     | Noticed Nergalle
 10572 | D:11     | Noticed a spectral orc warlord
 10618 | D:11     | Killed Nergalle
 10699 | D:11     | Gained mutation: Your magical capacity is low (-10% MP). [mutagenic meat]
 10700 | D:11     | Gained mutation: Your natural rate of healing is unusually fast. [mutagenic meat]
 10759 | D:11     | Noticed a brown ugly thing
 10775 | D:11     | Killed a brown ugly thing
 11101 | D:11     | Noticed a red ugly thing
 11112 | D:11     | Killed a red ugly thing
 11112 | D:11     | Reached ***** piety under Okawaru
 11112 | D:11     | Reached skill level 5 in Armour
 11420 | D:11     | Noticed Harold
 11449 | D:11     | Killed Harold
 11884 | Lair:1   | Reached skill level 10 in Fighting
 12206 | Lair:1   | Reached skill level 5 in Dodging
 12279 | Lair:1   | Got a scorched silver ring
 12297 | Lair:1   | Identified the ring "Voett" {rN+ Stlth-} (You found it on level 1 of the Lair of Beasts)
 12394 | Lair:1   | Noticed Grum
 12406 | Lair:1   | Killed Grum
 12421 | Lair:1   | Gained mutation: You have large cloven feet. [demonic ancestry]
 12421 | Lair:1   | Reached XP level 12. HP: 97/97 MP: 15/15
 12834 | Lair:2   | Received a gift from Okawaru
 13577 | Lair:2   | Found an iron altar of Okawaru.
 14355 | Lair:3   | Reached skill level 12 in Maces & Flails
 14551 | Lair:3   | Noticed a four-headed hydra
 14561 | Lair:3   | Killed a four-headed hydra
 14647 | Lair:3   | Found a dark tunnel.
 14655 | Volcano  | Entered a volcano
 14686 | Volcano  | Received a gift from Okawaru
 14992 | Volcano  | Found a bloodstained altar of Trog.
 15572 | Lair:4   | Noticed a six-headed hydra
 15591 | Lair:4   | Killed a six-headed hydra
 15814 | Lair:5   | Reached XP level 13. HP: 86/105 MP: 18/18
 16022 | Lair:4   | Found a staircase to the Shoals.
 16182 | Lair:4   | Reached ****** piety under Okawaru
 16985 | Lair:5   | You fall through a shaft!
 17064 | Lair:6   | Reached skill level 1 in Throwing
 17146 | Lair:6   | Received a gift from Okawaru
 17238 | Lair:6   | Got a warped ring mail
 17250 | Lair:6   | Identified the +5 ring mail "Nulat" {Int+4} (You found it on level 6 of the Lair of Beasts)
 17614 | Lair:5   | HP: 5/106 [poisoned by a naga (splash of poison)]
 17614 | Lair:5   | Slain by a death yak

Vault maps used:
D:1:      ncdulo_halloftheorcs
D:2:      ecumenical_altar_2, minmay_misc_feat_tower
D:3:      nicolae_overflow_hidden_temple, grunt_temple_overflow_diamond, tgw_sif
D:4:      tso_altar, first_bread, hangedman_decor_peaks_small,
          serial_park_tiny_pond, kennysheep_windowed_goal
D:6:      minmay_opposing_rooms, serial_shops, shop, basic_altar
D:7:      kennysheep_seaside_town, lemuel_crystal_altar, grunt_dithmenos_smoke,
          kennysheep_mini, uniq_pikel
D:8:      lair_0_dummy, the_bakery
D:9:      uniq_psyche
D:10:     uniq_gastronok
D:11:     uniq_harold, uniq_nergalle
D:12:     erik_orc_1, grunt_pakellas_mercury, uniq_maurice
Temple:   minmay_temple_forest_path_12
Lair:1:   uniq_grum
Lair:2:   basic_altar, lemuel_fruit_tree
Lair:3:   enter_volcano_2
Lair:4:   minmay_shoals_entry_beasts, grunt_forest_stairs_basic, st_stairs_13,
          serial_bayou_shore_b, grunt_megastairs_3
Lair:5:   boulder_dual_corridor_run, guppyfry_snake_entry_island
Lair:6:   beast_lair_carwin_10, grunt_megastairs_5, infiniplex_staircase_pool,
          serial_bayou_shore_b
Volcano:  volcano_lake

Action                   |  1- 3 |  4- 6 |  7- 9 | 10-12 | 13-15 || total
-------------------------+-------+-------+-------+-------+-------++-------
Melee: Flail             |    37 |       |       |       |       ||    37
       Mace              |    51 |    90 |   380 |  1252 |   282 ||  2055
       Eveningstar       |       |       |       |       |    96 ||    96
Throw: Javelin           |       |       |       |     5 |       ||     5
Invok: Heroism           |       |       |       |     8 |       ||     8
  Use: Scroll            |     8 |     3 |     6 |    14 |     5 ||    36
       Potion            |       |       |     6 |     3 |     1 ||    10
 Stab: Sleeping          |       |       |       |     1 |       ||     1
  Eat: Chunk             |     2 |     4 |     7 |    19 |     2 ||    34
       Beef jerky        |       |     1 |       |     6 |       ||     7
       Bread ration      |       |     1 |     1 |       |     1 ||     3
       Pizza             |       |       |     1 |     1 |       ||     2
       Fruit             |       |       |       |     8 |     7 ||    15
       Royal jelly       |       |       |       |     1 |       ||     1
